[Event "Team 45 45 League T68"]
[Site "Internet Chess Club"]
[Date "2016.04.10"]
[Round "5"]
[White "houseofcook"]
[Black "kutch"]
[Result "1/2-1/2"]
[WhiteElo "1428"]
[BlackElo "1517"]
[Opening "Scotch gambit: Dubois-Réti defense"]
[ECO "C55"]
[Time "13:02:25"]
[TimeControl "2700+45"]

1. e4 e5 2. Nf3 Nc6 3. d4 exd4 4. Bc4 Nf6 5. e5 d5 6. Bb5 Ne4 7. Nxd4 Bd7 8.
Bxc6 bxc6 9. O-O Bc5 10. Be3 Bb6 11. Nc3 Nxc3 12. bxc3 O-O 13. Qd2 h6 14. a4 a5
15. f4 Re8 16. Kh1 f6 17. Nf3 Bg4 18. Nd4 Bd7 19. Nf3 Bg4 20. Nd4 fxe5 21. fxe5
Qd7 22. Bf4 Rf8 23. h3 Be6 24. Nxe6 Qxe6 25. Qe2 Rf7 26. Bh2 Raf8 27. Rxf7 Rxf7
28. Rf1 Rxf1+ 29. Qxf1 g5 30. Qf6 Qxf6 31. exf6 Kf7 32. g4 Kxf6 33. Kg2 c5 34.
Kf3 d4 35. c4 Ke6 36. Ke4 Kf6 37. Kd5 Ke7 38. Be5 Kf7 39. Bh2 {Game drawn by
mutual agreement} 1/2-1/2

[Event "Team 45 45 League T68"]
[Site "Internet Chess Club"]
[Date "2016.04.09"]
[Round "5"]
[White "Kingfisher75"]
[Black "Visin"]
[Result "1-0"]
[WhiteElo "1516"]
[BlackElo "1285"]
[Opening "Ruy Lopez: Anderssen variation"]
[ECO "C77"]
[Time "10:00:27"]
[TimeControl "2700+45"]

1. e4 e5 2. Nf3 Nc6 3. Bb5 a6 4. Ba4 Nf6 5. d3 d6 6. O-O Be7 7. c3 Bd7 8. Re1
O-O 9. d4 exd4 10. cxd4 h6 11. Nc3 b5 12. Bb3 b4 13. Nd5 Nxd5 14. Bxd5 Rb8 15.
Qc2 Na7 16. Bb3 c6 17. Be3 Nb5 18. Rac1 a5 19. Qd2 g5 20. Qd3 Rc8 21. e5 Kg7 22.
Bc2 Rh8 23. exd6 Nxd6 24. Ne5 Bf5 25. Qe2 Bxc2 26. Rxc2 Qe8 27. Rec1 Bf6 28. Nc4
Nf5 29. Qf3 Nxe3 30. fxe3 Qe6 31. b3 Be7 32. Nxa5 c5 33. d5 Qd7 34. Rf2 Rhf8 35.
Nc4 f6 36. Nb6 Qa7 37. Nxc8 Rxc8 38. e4 Qxa2 39. Rxa2 {Black resigns} 1-0

[Event "Team 45 45 League T68"]
[Site "Internet Chess Club"]
[Date "2016.04.10"]
[Round "5"]
[White "sdcohle"]
[Black "Aquaman"]
[Result "1/2-1/2"]
[WhiteElo "1478"]
[BlackElo "1359"]
[Opening "Modern defense"]
[ECO "A40"]
[Time "15:02:10"]
[TimeControl "2700+45"]

1. d4 g6 2. Nf3 Bg7 3. c4 c5 4. e3 cxd4 5. exd4 e6 6. Be2 Nf6 7. O-O O-O 8. Nc3
d6 9. Bg5 Qb6 10. b3 h6 11. Bh4 Re8 12. Rc1 Nc6 13. d5 Ne7 14. dxe6 Bxe6 15. Re1
Nf5 16. Bxf6 Bxf6 17. Nd5 Bxd5 18. Qxd5 Qc5 19. Qd2 Bg7 20. Bd3 Nd4 21. Be4
Nxf3+ 22. Bxf3 Qb6 23. Qd5 Bd4 24. Rf1 Rab8 25. Rcd1 Be5 26. Rfe1 Qc5 27. Re2
Qxd5 28. Rxd5 b6 29. g3 h5 30. h4 Re6 31. Kg2 Rc8 32. a4 Rc5 33. Kh3 Rf6 34. Kg2
a5 {Game drawn by mutual agreement} 1/2-1/2

[Event "Team 45 45 League T68"]
[Site "Internet Chess Club"]
[Date "2016.04.09"]
[Round "5"]
[White "mongmong"]
[Black "olivermx"]
[Result "1-0"]
[WhiteElo "1556"]
[BlackElo "1303"]
[Opening "Queen's pawn game, Krause variation"]
[ECO "D02"]
[Time "11:12:58"]
[TimeControl "2700+45"]

1. d4 d5 2. Nf3 c5 3. c4 dxc4 4. d5 Nf6 5. Nc3 b6 6. e4 e6 7. e5 Nxd5 8. Bxc4
Bb7 9. Bb5+ Bc6 10. Bg5 Be7 11. Bxe7 Qxe7 12. Bxc6+ Nxc6 13. Nxd5 exd5 14. Qxd5
Qe6 15. Qxe6+ fxe6 16. Ke2 O-O 17. Rhd1 Rad8 18. Rxd8 Rxd8 19. Rd1 Rxd1 20. Kxd1
Nb4 21. Ng5 Nxa2 22. Nxe6 Kf7 23. Nd8+ Ke8 24. Nc6 a5 25. Kc2 Nb4+ 26. Nxb4 axb4
27. Kd3 Ke7 28. Kc4 Ke6 29. f4 g5 30. g3 h6 31. h3 gxf4 32. gxf4 h5 33. h4 Ke7
34. Kd5 Kd7 35. f5 Ke7 36. e6 Kd8 37. f6 Ke8 38. Kd6 c4 39. f7+ Kf8 40. e7+ Kxf7
41. Kd7 Kf6 42. e8=Q c3 43. Qe7+ Kf5 44. Qxb4 cxb2 45. Qxb2 Kg4 46. Qb4+ Kh3 47.
Kc6 Kg3 48. Kxb6 Kf3 49. Kc5 Ke3 50. Kd5 Kf3 51. Ke5 Ke3 52. Qb3+ Ke2 53. Kf4
Kd2 54. Ke4 Ke2 55. Qa2+ Ke1 56. Kf3 Kd1 57. Ke3 Kc1 58. Qe2 Kb1 59. Kd3 Ka1 60.
Kc2 {Black resigns} 1-0

[Event "Team 45 45 League T68"]
[Site "Internet Chess Club"]
[Date "2016.04.09"]
[Round "5"]
[White "stantheman59"]
[Black "chesster3145"]
[Result "0-1"]
[WhiteElo "1187"]
[BlackElo "1187"]
[Opening "Sicilian defense"]
[ECO "B40"]
[Time "20:35:38"]
[TimeControl "2700+45"]

1. e4 e6 2. Nf3 c5 3. Bc4 Nc6 4. c3 Nf6 5. d3 d5 6. exd5 exd5 7. Bb5 a6 8. Bxc6+
bxc6 9. O-O Bd6 10. Re1+ Be7 11. Ne5 Qc7 12. d4 Nd7 13. Bf4 Qb6 14. Re2 Nxe5 15.
Bxe5 O-O 16. Bxg7 Kxg7 17. Rxe7 Qxb2 18. Nd2 Qxc3 19. Nf3 Bg4 20. Re3 Bxf3 21.
Rxf3 Qxd4 22. Rd3 Qf6 23. Rf3 Qd6 24. Rc1 d4 25. Qd2 Rfe8 26. Qg5+ Kf8 27. Rg3
d3 28. Qg7+ Ke7 29. Re1+ Kd8 30. Rxe8+ Kxe8 31. Re3+ Kd8 32. Qxf7 Qd7 33. Qxd7+
Kxd7 34. Rxd3+ Ke6 35. Kf1 c4 36. Rc3 Kd5 37. Ke2 Rb8 38. Rc2 Kd4 39. f3 c3 40.
g4 Rb2 41. Kd1 Kd3 42. Rc1 c2+ 43. Ke1 Rb1 44. Rxb1 cxb1=Q+ 45. Kf2 Qxa2+ 46.
Kg3 Qd2 47. h4 Qe1+ 48. Kf4 Qxh4 49. Kf5 h5 50. g5 Ke3 51. Kg6 Kxf3 52. Kh6 Qg4
53. g6 h4 54. Kh7 Qxg6+ 55. Kxg6 h3 {White resigns} 0-1

[Event "Team 45 45 League T68"]
[Site "Internet Chess Club"]
[Date "2016.04.09"]
[Round "5"]
[White "oldbookseller"]
[Black "chips"]
[Result "0-1"]
[WhiteElo "1066"]
[BlackElo "1235"]
[Opening "Queen's pawn: English defense"]
[ECO "A40"]
[Time "09:00:30"]
[TimeControl "2700+45"]

1. d4 b6 2. Nf3 Bb7 3. e3 d5 4. Nbd2 Nd7 5. Bd3 Ngf6 6. O-O g6 7. b3 Bg7 8. Rb1
O-O 9. c4 e6 10. Ba3 Re8 11. c5 a6 12. Qe2 b5 13. e4 dxe4 14. Nxe4 Nxe4 15. Bxe4
Bxe4 16. Qxe4 Nf6 17. Qd3 c6 18. Rbe1 Qc8 19. Bc1 b4 20. Bf4 a5 21. Be5 Qa6 22.
Qe3 Nd5 23. Qe4 Nc3 24. Qh4 Nxa2 25. Bxg7 Kxg7 26. Ng5 h6 27. Ne4 g5 28. Nxg5
hxg5 29. Qxg5+ Kf8 30. Qh6+ Ke7 31. Re3 Rg8 32. Rfe1 Qc8 33. Qh4+ Kd7 34. Qe4
Nc3 35. Qe5 Qc7 36. Qd6+ Qxd6 37. cxd6 Kxd6 38. Rd3 Rg7 39. g3 a4 40. Re5 axb3
41. d5 cxd5 42. Re1 b2 43. Rxe6+ fxe6 44. f4 b1=Q+ 45. Kg2 Qxd3 {White resigns}
0-1

[Event "Team 45 45 League T68"]
[Site "Internet Chess Club"]
[Date "2016.04.09"]
[Round "5"]
[White "JaydenLu2015"]
[Black "rkjulianjr"]
[Result "1-0"]
[WhiteElo "1247"]
[BlackElo "1354"]
[Opening "QGD Slav: 4.Nc3"]
[ECO "D15"]
[Time "11:03:34"]
[TimeControl "2700+45"]

1. d4 d5 2. c4 c6 3. Nf3 Nf6 4. Nc3 Bf5 5. cxd5 cxd5 6. Qb3 Qd7 7. Ne5 Qc8 8.
Nxd5 Be6 9. Nxf6+ exf6 10. d5 Bf5 11. Nc4 Qd7 12. Bf4 b5 13. Nd2 g5 14. Bg3 Na6
15. e4 Nc5 16. Bxb5 Nxb3 17. Bxd7+ Bxd7 18. axb3 Bb4 19. Ra3 Bxa3 20. bxa3 Rc8
21. Nc4 Kd8 22. Kd2 f5 23. Nd6 f4 24. Nxf7+ Ke7 25. Nxh8 Rxh8 26. Kd3 fxg3 27.
hxg3 Kd6 28. Kd4 h5 29. e5+ Ke7 30. e6 Bc8 31. g4 h4 32. Ke5 Rd8 33. Rd1 Rd6 34.
Rc1 Bxe6 35. dxe6 Rxe6+ 36. Kf5 Rf6+ 37. Kxg5 Rxf2 38. Kxh4 Rxg2 39. Kg5 Ke6 40.
Rc6+ Ke5 41. Ra6 Rb2 42. b4 Kd5 43. Rxa7 Kc4 44. Kg6 Rd2 45. Ra6 Kb5 46. Ra5+
Kc4 47. g5 Rd6+ 48. Kf7 Rd7+ 49. Ke6 Rg7 50. Kf6 Rd7 51. g6 Rd6+ 52. Kf7 Rd7+
53. Ke6 Rb7 54. Rg5 Kb3 55. Rg3+ Kc4 56. g7 Rb6+ 57. Kd7 Rb8 58. g8=Q+ Rxg8 59.
Rxg8 Kb5 60. Ra8 Kb6 61. a4 Kb7 62. Re8 Kb6 63. a5+ Ka6 64. Kc7 Ka7 65. Re6 Ka8
66. b5 Ka7 67. Ra6# {Black checkmated} 1-0

[Event "Team 45 45 League T68"]
[Site "Internet Chess Club"]
[Date "2016.04.10"]
[Round "5"]
[White "Toalla"]
[Black "awesomecool"]
[Result "1-0"]
[WhiteElo "1262"]
[BlackElo "1138"]
[Opening "Two knights defense"]
[ECO "C58"]
[Time "17:01:21"]
[TimeControl "2700+45"]

1. e4 e5 2. Nf3 Nc6 3. Bc4 Nf6 4. Ng5 d5 5. exd5 Na5 6. Bb5+ c6 7. dxc6 Nxc6 8.
Bxc6+ bxc6 9. d3 Bc5 10. O-O O-O 11. Be3 Bb6 12. Nc3 h6 13. Nge4 Be6 14. h3 Re8
15. Qf3 Nxe4 16. Nxe4 Bd5 17. Rfd1 Rb8 18. b3 f6 19. Qh5 Qe7 20. Ng3 e4 21. Nf5
Qe6 22. d4 Rbc8 23. c4 Bxc4 24. bxc4 Qxc4 25. Nd6 {Black resigns} 1-0

[Event "Team 45 45 League T68"]
[Site "Internet Chess Club"]
[Date "2016.04.06"]
[Round "5"]
[White "princevultan2"]
[Black "joaoazm"]
[Result "1/2-1/2"]
[WhiteElo "1236"]
[BlackElo "1057"]
[Opening "Four knights: Italian variation"]
[ECO "C47"]
[Time "20:00:20"]
[TimeControl "2700+45"]

1. e4 e5 2. Nf3 Nc6 3. Nc3 Nf6 4. Bc4 d6 5. d3 h6 6. O-O Bg4 7. h3 Bxf3 8. Qxf3
Nd4 9. Qd1 c6 10. Be3 b5 11. Bb3 a5 12. a3 a4 13. Ba2 Qe7 14. Bxd4 exd4 15. Ne2
O-O-O 16. c3 c5 17. cxd4 Kb7 18. dxc5 dxc5 19. Qc2 Qe5 20. Rfd1 Bd6 21. Ng3 Nh5
22. Nxh5 Qxh5 23. d4 Rc8 24. dxc5 Rxc5 25. Qd2 Qe5 26. Qxd6 Qxd6 27. Rxd6 Kc7
28. Rd5 Rxd5 29. exd5 Kd6 30. Rd1 Re8 31. Rc1 f6 32. Kf1 Rb8 33. Rc6+ Kd7 34.
Ra6 b4 35. b3 bxa3 36. Rxa4 Rb5 37. Rxa3 Rxd5 38. b4 Rd1+ 39. Ke2 Ra1 40. Be6+
Kxe6 41. Rxa1 Kd6 42. Rb1 g5 43. b5 Kc7 44. b6+ Kb7 45. Ke3 f5 46. f3 f4+ 47.
Ke4 h5 48. Kf5 g4 49. hxg4 hxg4 50. Kxg4 Kb8 51. b7 Kc7 52. Kxf4 Kb8 53. g4 Kc7
54. b8=Q+ Kd7 55. Qb6 Ke7 56. Ra1 Kd7 57. Ra7+ Kc8 58. Rh7 {Black stalemated}
1/2-1/2

[Event "Team 45 45 League T68"]
[Site "Internet Chess Club"]
[Date "2016.04.09"]
[Round "5"]
[White "WzeroMN"]
[Black "RohitC"]
[Result "1-0"]
[WhiteElo "1118"]
[BlackElo "995"]
[Opening "Ruy Lopez: exchange variation"]
[ECO "C68"]
[Time "15:00:48"]
[TimeControl "2700+45"]

1. e4 e5 2. Nf3 Nc6 3. Bb5 a6 4. Bxc6 bxc6 5. O-O Qf6 6. d3 Bd6 7. Nc3 Ne7 8.
Re1 Bb7 9. Bd2 c5 10. b3 O-O 11. a4 h6 12. Bc1 Bc6 13. Ba3 a5 14. Nb5 Bxb5 15.
axb5 a4 16. bxa4 Rxa4 17. Bb2 Rxa1 18. Bxa1 Ng6 19. c4 Be7 20. Qb3 Nf4 21. Nxe5
Qg5 22. g3 Nh3+ 23. Kf1 Qd2 24. Qb2 Qg5 25. Nf3 Qg4 26. Nh4 Bxh4 27. Re3 Qd1+
28. Re1 Qxd3+ 29. Kg2 Ng5 30. Qxg7# {Black checkmated} 1-0

[Event "Team 45 45 League T68"]
[Site "Internet Chess Club"]
[Date "2016.04.09"]
[Round "5"]
[White "Electryon"]
[Black "dabodhi"]
[Result "1-0"]
[WhiteElo "1445"]
[BlackElo "1383"]
[Opening "English, 1...Nf6 (Anglo-Indian defense)"]
[ECO "A13"]
[Time "15:00:34"]
[TimeControl "2700+45"]

1. c4 Nf6 2. g3 e6 3. Bg2 d5 4. Nf3 c6 5. O-O Nbd7 6. d4 dxc4 7. Qc2 Bd6 8. Qxc4
Nb6 9. Qc2 O-O 10. e4 Be7 11. Bf4 Nh5 12. Be3 h6 13. b3 Nf6 14. Nc3 Qc7 15. Rfd1
Bb4 16. Nd2 Rd8 17. a3 Be7 18. Bf4 Qd7 19. Nc4 Nxc4 20. bxc4 Qe8 21. a4 a5 22.
e5 Nd7 23. Bc1 Nb6 24. Qb3 Nd7 25. Ne4 Rb8 26. Ba3 Qf8 27. Bxe7 Qxe7 28. Nd6 Nf8
29. Qb6 Nd7 30. Qxa5 Nf8 31. Qb6 Nd7 32. Qb3 Nf8 33. a5 Bd7 34. Qb6 f6 35. a6
bxa6 36. Qxa6 fxe5 37. dxe5 Ng6 38. f4 Ra8 39. Qb7 Rab8 40. Qc7 Kh7 41. Bxc6
Bxc6 42. Qxc6 {Black forfeits on time} 1-0

[Event "Team 45 45 League T68"]
[Site "Internet Chess Club"]
[Date "2016.04.07"]
[Round "5"]
[White "bhandelman"]
[Black "Aquaman"]
[Result "0-1"]
[WhiteElo "1175"]
[BlackElo "1353"]
[Opening "English opening"]
[ECO "A10"]
[Time "15:01:42"]
[TimeControl "2700+45"]

1. c4 g6 2. g3 Bg7 3. Bg2 c6 4. Nc3 Nf6 5. e3 O-O 6. Nge2 d6 7. O-O e5 8. d4
Nbd7 9. dxe5 Nxe5 10. f4 Nxc4 11. b3 Nb6 12. Ba3 Ne8 13. Rc1 Be6 14. Nd4 Bc8 15.
e4 f6 16. f5 g5 17. Ne6 Bxe6 18. fxe6 Qe7 19. Bh3 Nc8 20. Qg4 a6 21. Rcd1 f5 22.
Qf3 g4 23. Bxg4 fxg4 24. Qe3 Rxf1+ 25. Rxf1 Qxe6 26. Ne2 c5 27. Nf4 Qe5 28. Nd3
Qd4 29. Qxd4 Bxd4+ 30. Kh1 Ng7 31. Nf4 Ne7 32. Kg2 Rf8 33. h3 gxh3+ 34. Kxh3 Ng6
35. Kg4 Nxf4 36. gxf4 Ne8 37. f5 Nf6+ 38. Kf4 Re8 39. Re1 b6 40. Bc1 Kf7 41. Kf3
Rg8 42. Bf4 Be5 43. Bxe5 dxe5 44. Rd1 Ke7 45. Ke3 h5 46. Rd2 Rg4 47. Kf3 Rxe4
{White resigns} 0-1

[Event "Team 45 45 League T68"]
[Site "Internet Chess Club"]
[Date "2016.04.11"]
[Round "5"]
[White "artspir"]
[Black "Just-Jim"]
[Result "0-1"]
[WhiteElo "1202"]
[BlackElo "1279"]
[Opening "Queen's pawn game"]
[ECO "D02"]
[Time "14:00:25"]
[TimeControl "2700+45"]

1. d4 d5 2. Nf3 f5 3. Bf4 e6 4. e3 Be7 5. Bd3 Nf6 6. Nbd2 O-O 7. O-O Nc6 8. c3
a6 9. Ne5 Nxe5 10. Bxe5 Ng4 11. Bg3 Bh4 12. Be2 Bxg3 13. hxg3 Nf6 14. Bd3 c5 15.
b3 Qc7 16. Rc1 e5 17. c4 f4 18. gxf4 exf4 19. Nf3 Ng4 20. Qc2 fxe3 21. Rce1
exf2+ 22. Rxf2 Nxf2 23. Qxf2 Qf4 24. Be2 cxd4 25. cxd5 Bg4 26. d6 d3 27. Bxd3
Bxf3 28. gxf3 Qxd6 29. Rd1 Qf6 30. Qh2 Qg5+ 31. Kf2 g6 32. Rg1 Qd2+ 33. Be2 Rae8
34. Kg3 Rxe2 35. Rg2 Qd6+ 36. Kg4 Qxh2 37. Rxh2 Rxh2 38. a4 Rf2 39. Kg5 R2xf3
40. b4 Rf1 41. Kh6 R8f5 42. b5 Rh1# {White checkmated} 0-1

[Event "Team 45 45 League T68"]
[Site "Internet Chess Club"]
[Date "2016.04.07"]
[Round "5"]
[White "wildangels"]
[Black "RobertBuice"]
[Result "1-0"]
[WhiteElo "1121"]
[BlackElo "1125"]
[Opening "English opening"]
[ECO "A22"]
[Time "20:01:52"]
[TimeControl "2700+45"]

1. c4 Nf6 2. Nc3 e5 3. e4 Bb4 4. Nf3 Bxc3 5. bxc3 Nc6 6. g3 O-O 7. Bg2 d6 8. d4
Bg4 9. d5 Na5 10. Qd3 c5 11. Bg5 Bxf3 12. Bxf3 Qb6 13. O-O Qa6 14. Bxf6 Qxc4 15.
Qd2 gxf6 16. Qh6 Qxc3 17. Qxf6 Nc4 18. Bh5 Nd2 19. Rac1 Qd3 20. Rfd1 Nxe4 21.
Qf5 Qa3 22. Qxe4 Qxa2 23. Qg4+ Kh8 24. Qd7 Rad8 25. Qe7 f5 26. Qg5 Rg8 27. Qf6+
Rg7 28. Qxf5 Rdg8 29. Qf6 e4 30. Bf7 h6 31. Qxh6+ Rh7 32. Qf6+ Rgg7 33. Qd8+ Rg8
34. Qxg8# {Black checkmated} 1-0

[Event "Team 45 45 League T68"]
[Site "Internet Chess Club"]
[Date "2016.04.08"]
[Round "5"]
[White "Zebbile"]
[Black "PolishRyszard"]
[Result "1/2-1/2"]
[WhiteElo "1962"]
[BlackElo "1888"]
[Opening "Réti opening"]
[ECO "A04"]
[Time "14:00:35"]
[TimeControl "2700+45"]

1. Nf3 g6 2. d4 Bg7 3. Bf4 d6 4. e3 Nd7 5. c3 e5 6. dxe5 dxe5 7. Bg5 Ne7 8. e4
h6 9. Be3 O-O 10. Qd2 Kh7 11. Na3 c6 12. Rd1 Qc7 13. Nc4 Nf6 14. Qc2 Nd7 15. Nd6
Nd5 16. exd5 Qxd6 17. dxc6 Qxc6 18. Be2 Nc5 19. O-O Bf5 20. Qc1 Rad8 21. Rxd8
Rxd8 22. Rd1 Rxd1+ 23. Qxd1 Be6 24. c4 a5 25. b3 b6 26. Nd2 f5 27. Nb1 f4 28.
Bxc5 Qxc5 29. Nc3 Bf5 30. Qd5 e4 31. Na4 Qd4 32. h3 e3 33. Qf3 Bb1 34. fxe3 fxe3
35. c5 bxc5 36. Qf7 Bxa2 37. Qc4 Qa1+ 38. Kh2 Be5+ 39. g3 Qd4 40. Nxc5 Qxc4 41.
bxc4 Bb1 42. Bd1 Bd6 43. Nb7 Bc7 44. Nc5 a4 45. Nxa4 Bd3 46. Nc3 Bxc4 47. Be2
Be6 48. Kg2 Be5 49. Ne4 Kg7 50. g4 Bd5 51. Kf3 Bd4 52. Kf4 Kf7 53. h4 Ke6 54. g5
h5 55. Bd3 e2 56. Bxe2 Be5+ 57. Ke3 Kf5 58. Bf3 Bc7 59. Kd4 Bf7 60. Bd1 Kf4 61.
Ba4 Kg4 62. Ke3 Bf4+ 63. Kf2 Kxh4 64. Kf3 Be5 65. Bd7 Bd5 66. Be8 Bb3 67. Bxg6
Bd1+ 68. Ke3 Kg4 69. Be8 Bf4+ 70. Kd3 Bxg5 71. Nf2+ Kg3 72. Nxd1 h4 73. Ke2 Kg2
74. Bc6+ Kg3 75. Kf1 h3 76. Nc3 h2 77. Ne2+ Kg4 78. Kg2 Bf4 79. Bd7+ Kg5 80. Nd4
Kf6 81. Ne2 Bb8 82. Bc6 Kf5 83. Bf3 Be5 84. Kh3 Kg5 85. Nc1 Kf4 86. Ba8 Ke3 87.
Kg2 Kd2 88. Nb3+ Ke3 89. Nc5 Bd6 90. Ne6 Bb8 91. Ng5 Bc7 92. Ne4 Bb8 93. Ng5 Bc7
94. Nf3 Bb8 95. Nxh2 Bxh2 {Game drawn because neither player has mating
material} 1/2-1/2

[Event "Team 45 45 League T68"]
[Site "Internet Chess Club"]
[Date "2016.04.09"]
[Round "5"]
[White "THE-WARRIOR"]
[Black "Timotheous"]
[Result "0-1"]
[WhiteElo "1702"]
[BlackElo "1760"]
[Opening "Benkö gambit"]
[ECO "A57"]
[Time "07:00:46"]
[TimeControl "2700+45"]

1. d4 Nf6 2. c4 c5 3. d5 b5 4. b3 bxc4 5. bxc4 g6 6. Bb2 Bg7 7. Nf3 d6 8. Nbd2
O-O 9. e4 Nbd7 10. Bd3 Qa5 11. O-O Rb8 12. Qc2 Qc7 13. h3 Nh5 14. Bxg7 Kxg7 15.
Rfb1 Nf4 16. Rxb8 Qxb8 17. Rb1 Qc7 18. Bf1 Nh5 19. Re1 Kg8 20. Qc3 f6 21. Nb3
Ne5 22. Nxe5 fxe5 23. Na5 Bd7 24. Rb1 Rb8 25. Rxb8+ Qxb8 26. Qb3 Qb6 27. g3 Qxa5
{White resigns} 0-1

[Event "Team 45 45 League T68"]
[Site "Internet Chess Club"]
[Date "2016.04.08"]
[Round "5"]
[White "hewdondada"]
[Black "kaiclc"]
[Result "0-1"]
[WhiteElo "1684"]
[BlackElo "1262"]
[Opening "QGD: exchange, positional line"]
[ECO "D35"]
[Time "18:31:29"]
[TimeControl "2700+45"]

1. d4 Nf6 2. c4 e6 3. Nc3 d5 4. cxd5 exd5 5. Bg5 Be7 6. Qc2 g6 7. Nf3 Bf5 8. Qb3
Nbd7 9. e3 h6 10. Bh4 O-O 11. Be2 Kg7 12. Rc1 Nb6 13. O-O a5 14. Bg3 a4 15. Qd1
c6 16. Nh4 Be6 17. Bd3 Ne4 18. Nxe4 dxe4 19. Bxe4 Bxh4 20. Be5+ f6 21. Bf4 Bxa2
22. Qg4 f5 23. Be5+ Kh7 24. Bxf5 Rxf5 25. g3 Bf6 26. Rfd1 Be6 27. Qe2 Bxe5 28.
dxe5 Qe7 29. f4 h5 30. h4 Rff8 31. Rd6 Rfd8 32. Rcd1 Bg4 33. Qc2 Bf5 34. e4 Bg4
35. R1d2 a3 36. bxa3 Rxd6 37. exd6 Qd7 38. Qb3 Be6 39. Qxb6 Rxa3 40. Qf2 Ra4 41.
Qe2 Bg4 42. Qe3 Ra1+ 43. Kf2 Bh3 44. Qc3 Rf1+ 45. Ke2 Qg4+ {White resigns} 0-1

[Event "Team 45 45 League T68"]
[Site "Internet Chess Club"]
[Date "2016.04.09"]
[Round "5"]
[White "justice02"]
[Black "noblitz-oblige"]
[Result "1-0"]
[WhiteElo "1637"]
[BlackElo "1500"]
[Opening "Réti opening"]
[ECO "A09"]
[Time "08:00:19"]
[TimeControl "2700+45"]

1. Nf3 d5 2. c4 Nf6 3. d4 Nc6 4. Nc3 h6 5. g3 Bf5 6. Bg2 dxc4 7. O-O e6 8. a3
Be7 9. Qa4 O-O 10. Qxc4 Bc2 11. b4 Ne4 12. Ra2 Nxc3 13. Rxc2 Nd5 14. e4 Nb6 15.
Qc3 a6 16. Rd1 Qe8 17. Qe3 Rd8 18. Bb2 Rd7 19. Bf1 Na7 20. Ne5 Rd6 21. Rxc7 Bf6
22. Rdc1 Qb8 23. R7c2 Rfd8 24. Nc4 Nxc4 25. Rxc4 b5 26. R4c2 Bxd4 27. Bxd4 Rxd4
28. Qf3 Nc8 29. Rc7 R4d7 30. Qc3 Ne7 31. f4 Ng6 32. Rxd7 Rxd7 33. Qc8+ Qxc8 34.
Rxc8+ Kh7 35. Rc6 Ra7 36. e5 Ne7 37. Bd3+ g6 38. Rd6 Kg7 39. Be4 Nc8 40. Rc6 Ne7
41. Rb6 Nc8 42. Rb7 Ra8 43. Rxf7+ Kxf7 44. Bxa8 Nb6 45. Bb7 Nc4 46. Bxa6 Nxa3
47. Kg2 Nc2 48. Bxb5 Nxb4 49. Kf3 Nd5 50. Bd3 Ne7 51. g4 Kg7 52. Be4 Kf7 53. Ke3
Nc8 54. Kd4 Ne7 55. Kc5 Kg7 56. Kd6 Kf7 57. h3 {Black resigns} 1-0

[Event "Team 45 45 League T68"]
[Site "Internet Chess Club"]
[Date "2016.04.09"]
[Round "5"]
[White "ChessHouston"]
[Black "fishhead"]
[Result "1-0"]
[WhiteElo "1911"]
[BlackElo "1856"]
[Opening "Sicilian: Najdorf, Opocensky variation"]
[ECO "B92"]
[Time "14:01:27"]
[TimeControl "2700+45"]

1. e4 c5 2. Nf3 d6 3. d4 cxd4 4. Nxd4 Nf6 5. Nc3 a6 6. Be2 e5 7. Nb3 Be7 8. Be3
Be6 9. Nd5 Nxd5 10. exd5 Bf5 11. a4 Nd7 12. a5 Rc8 13. c3 O-O 14. O-O Nf6 15.
Ra4 Qd7 16. Rb4 h6 17. f3 g5 18. h4 Nh5 19. g4 Ng3 20. gxf5 Nxf1 21. Qxf1 f6 22.
Qh3 Rf7 23. Bd3 Rcf8 24. Kf2 Bd8 25. Qg4 Rh7 26. Qh5 Rff7 27. Ke2 Kf8 28. Kd2
Rfg7 29. c4 Qe8 30. Qxe8+ Kxe8 31. c5 gxh4 32. Rxh4 dxc5 33. Bxc5 Rg2+ 34. Kc3
Rg3 35. Be4 Rg1 36. Bxg1 {Black resigns} 1-0

[Event "Team 45 45 League T68"]
[Site "Internet Chess Club"]
[Date "2016.04.10"]
[Round "5"]
[White "xt"]
[Black "LiangLiang"]
[Result "0-1"]
[WhiteElo "1775"]
[BlackElo "1850"]
[Opening "Sicilian: Najdorf, Lipnitzky attack"]
[ECO "B86"]
[Time "17:05:27"]
[TimeControl "2700+45"]

1. e4 c5 2. Nf3 d6 3. d4 cxd4 4. Nxd4 Nf6 5. Nc3 a6 6. Bc4 e6 7. O-O b5 8. Bd3
Be7 9. h3 O-O 10. Be3 Bb7 11. a3 Nbd7 12. Nde2 Qc7 13. Ng3 Rfd8 14. Rc1 Rac8 15.
Nce2 Nc5 16. f3 d5 17. b4 dxe4 18. Bxc5 Bxc5+ 19. bxc5 Qxc5+ 20. Kh1 exd3 21.
cxd3 Qxa3 22. Rxc8 Rxc8 23. Qd2 Nd5 24. Rd1 Qb4 25. Qg5 h6 26. Qe5 Qe7 27. Ne4
Rc2 28. Nd4 Qc7 29. Qd6 Rc1 30. Rxc1 Qxc1+ 31. Kh2 Qf4+ 32. Qxf4 Nxf4 33. Nc5
Bc8 34. Nc6 Nd5 35. Na7 Ne7 36. Nxc8 Nxc8 37. Nxa6 Nb6 38. Kg3 Nd5 39. Nc5 Kf8
40. Kf2 Ke7 41. g3 Kd6 42. Nb7+ Kc7 43. Nc5 Kb6 44. d4 b4 45. Ke2 Kb5 46. Kd3
Ne7 47. Ne4 Ka4 48. Nd2 Ka3 49. Kc4 Nf5 50. g4 Ne3+ 51. Kd3 Nd5 52. Kc4 Nf4 53.
h4 Ng2 54. h5 Nf4 55. Nb1+ Ka4 56. Nd2 f6 57. Ne4 Ka3 58. Nd2 f5 59. Nb1+ Ka4
60. gxf5 exf5 61. Kc5 Nxh5 62. Nd2 b3 63. Kc4 b2 64. d5 Ka3 65. d6 Nf6 66. Kd3
Ka2 67. Kc2 h5 {White resigns} 0-1

[Event "Team 45 45 League T68"]
[Site "Internet Chess Club"]
[Date "2016.04.10"]
[Round "5"]
[White "kllrchris"]
[Black "room-matt"]
[Result "1-0"]
[WhiteElo "1721"]
[BlackElo "1825"]
[Opening "Sicilian: dragon, Yugoslav attack, 9.Bc4"]
[ECO "B77"]
[Time "12:47:37"]
[TimeControl "2700+45"]

1. e4 c5 2. Nf3 d6 3. d4 cxd4 4. Nxd4 Nf6 5. Nc3 g6 6. Be3 Bg7 7. f3 Nc6 8. Qd2
O-O 9. Bc4 Nxd4 10. Bxd4 Be6 11. Bb3 Qa5 12. O-O-O Bxb3 13. cxb3 Rac8 14. Kb1
Qd8 15. h4 h5 16. g4 hxg4 17. h5 gxh5 18. Qg5 e5 19. Bxe5 Rc5 20. Rxd6 Qxd6 21.
Qxg7+ Kxg7 22. Bxd6 Rfc8 23. e5 Nd7 24. f4 R5c6 25. Rxh5 f6 26. exf6+ Nxf6 27.
Be5 Kf7 28. Rg5 Rg8 29. Rf5 g3 30. Ne4 g2 31. Ng5+ Ke7 32. Bd4 Rd6 33. Bc5 g1=Q+
34. Bxg1 Rd2 35. Bc5+ Kd7 36. Rxf6 Rh8 37. a4 Rhh2 38. Ba3 Rd1+ 39. Ka2 Rhh1 40.
b4 Rd3 41. b5 Rf1 42. Rf7+ Kc8 43. Ne6 Rdf3 44. Rc7+ Kb8 45. Bd6 Rd1 46. Rd7+
Rxd6 47. Rxd6 b6 48. Rd8+ Kb7 49. Rf8 a5 50. f5 Re3 51. Re8 Rf3 52. Rf8 Re3 53.
Nd8+ Kc7 54. f6 Re4 55. b3 Re2+ 56. Ka3 Kd6 57. f7 {Black resigns} 1-0

[Event "Team 45 45 League T68"]
[Site "Internet Chess Club"]
[Date "2016.04.08"]
[Round "5"]
[White "Goli"]
[Black "watkins"]
[Result "0-1"]
[WhiteElo "1714"]
[BlackElo "1486"]
[Opening "Sicilian: Alapin's variation (2.c3)"]
[ECO "B22"]
[Time "11:01:08"]
[TimeControl "2700+45"]

1. e4 c5 2. c3 d6 3. d4 cxd4 4. cxd4 e6 5. Nf3 Nf6 6. Nc3 Be7 7. Bd3 a6 8. h3
O-O 9. O-O Nbd7 10. Be3 b5 11. a3 Bb7 12. Rc1 Rc8 13. Bb1 Nb6 14. Nd2 Nc4 15.
Nxc4 Rxc4 16. Qd3 g6 17. a4 Qa5 18. axb5 axb5 19. b3 Rcc8 20. Rfe1 b4 21. Qb5
Qxb5 22. Nxb5 Bxe4 23. Bxe4 Nxe4 24. f3 Nc3 25. Nxc3 Rxc3 26. Rxc3 bxc3 27. Rc1
Rc8 28. Kf1 c2 29. Ke2 Rc3 30. Kd2 Rxb3 31. Rxc2 d5 32. Bh6 Rb8 33. Bf4 Rb4 34.
Kd3 Kg7 35. Bd2 Ra4 36. Be3 h6 37. Ke2 Bf6 38. Kd3 Bh4 39. Ke2 Bg3 40. Kd3 g5
41. Ke2 Kg6 42. Kd3 Kf5 43. Ke2 h5 44. Bg1 h4 45. Be3 f6 46. Rc5 Ra2+ 47. Kf1
Ra1+ 48. Ke2 Ra2+ 49. Kf1 Bf4 50. Bf2 Ra1+ 51. Ke2 Bh2 52. Be3 Bg1 53. Bxg1 Rxg1
54. Kf2 Rb1 55. Rc2 Rb3 56. Rd2 Kf4 57. Re2 e5 58. dxe5 fxe5 59. Rd2 d4 60. Rc2
Rc3 61. Ra2 d3 62. Ra4+ Kf5 63. Ke3 Rc2 64. Kxd3 Rxg2 65. Ra8 Kf4 66. Rf8+ Kg3
67. Ke4 Kxh3 68. Kxe5 Kh2 69. Ke4 h3 70. Ke3 Kg1 71. Ra8 Rf2 72. Rh8 h2 73. Rh5
Rg2 {White resigns} 0-1